 Dungeon Crawl Stone Soup version 0.31-a0-188-g5e087ee2ca (webtiles) character file.

Game seed: 742007599123148195

22 qw the Shooter (level 2, -2/16 HPs)
             Began as a Deep Elf Hunter on June 22, 2023.
             Slain by a hobgoblin (4 damage)
             ... led by Robin
             ... on level 1 of the Dungeon.
             The game lasted 00:00:11 (661 turns).

qw the Shooter (Deep Elf Hunter)                     Turns: 661, Time: 00:00:12

Health: -2/16      AC:  5    Str:  8    XL:     2   Next: 68%
Magic:  4/4        EV: 10    Int: 13    God:
Gold:   35         SH:  0    Dex: 18    Spells: 1/1 levels left

rFire   . . .        Y - +0 shortbow
rCold   . . .        (shield currently unavailable)
rNeg    . . .        f - +0 ring mail
rPois   .            (no helmet)
rElec   .            (no cloak)
rCorr   .            (no gloves)
SInv    .            (no boots)
Will    .....        (no amulet)
Stlth   +            (no ring)
HPRegen 0.22/turn    (no ring)
MPRegen 0.09/turn

%: no passive effects
@: no status effects
A: no striking features
a: no special abilities


You were on level 1 of the Dungeon.
You visited 1 branch of the dungeon, and saw 2 of its levels.

You collected 35 gold pieces.


   Skills:
 - Level 1.5 Fighting
 + Level 6.4 Ranged Weapons
 - Level 2.4 Dodging
 - Level 1.2 Stealth


You had one spell level left.
You didn't know any spells.
Your spell library was empty.

Inventory:

Hand Weapons
 Y - a +0 shortbow (weapon)
Armour
 f - a +0 ring mail (worn)
Scrolls
 e - a scroll of identify
Potions
 g - a potion of enlightenment

Dungeon Overview and Level Annotations

Branches:
Dungeon (2/15)

Altars:

Shops:
D:1 (

Annotations:
D:1 Robin


Message History

634 ||| DROPPING scroll of butterflies.
You drop a scroll of butterflies.
Done exploring.
(D) Dungeon
Where to? (* - list waypoints, ? - help)
What level of the Dungeon? (default 1, ? - help)
You are starting to lose your buoyancy.
There is a stone staircase leading down here.
You fly downwards.
Robin shouts!
The goblin shouts! x2; The hobgoblin shouts!
The goblin shouts! x4
The hobgoblin shouts! x2; The goblin shouts!
Found three items.
There is a stone staircase leading up here.
There are monsters nearby!
Waypoint 1 assigned to D:2.
You shoot an arrow.
The arrow hits Robin but does no damage.
The goblin closely misses you. The goblin hits you but does no damage.
Robin hits you but does no damage.
You shoot an arrow.
The arrow hits Robin but does no damage.
The hobgoblin hits you. The goblin closely misses you.
The goblin hits you with a +0 club. The goblin hits you but does no damage.
Robin throws the goblin at you!
658 ||| STAIRDANCE The goblin hits you but does no damage.
The hobgoblin misses you.
The goblin hits you with a +0 club. x2; The goblin barely misses you.
The goblin hits you with a +0 dagger.
Robin roars a battlecry!
The goblins go into a battle-frenzy!
You fly upwards.
You float gracefully downwards.
There is a stone staircase leading down here.
You shoot an arrow. The arrow hits the goblin!
You kill the goblin!
Your enlightenment fades.
The goblin barely misses you. x2
Robin says, "Kneel, worm!"
The goblin hits you but does no damage. The hobgoblin closely misses you.
You shoot an arrow. The arrow barely misses Robin.
The goblin hits you but does no damage. The goblin hits you with a +0 club.
Robin barely misses you. The goblin barely misses you. The hobgoblin hits you.
You die...

##################
#...#..gg@g......#
###.......ggg......#
######.......######.###.#
.............# #.#~#.##
######.......# #.###..#
########...### #......#
...........# #.#.##.#
####.######### #......#
#.........# ###..###


You could see Robin, a hobgoblin (strong) and 4 goblins.

Vanquished Creatures
  A dart slug (D:1)
  2 endoplasms (D:1)
  A giant cockroach (D:1)
  3 goblins (D:1)
  2 hobgoblins (D:1)
  3 kobolds (D:1)
  3 quokkas (D:1)
  A rat (D:1)
16 creatures vanquished.

Notes
Turn   | Place    | Note
-------+----------+-------------------------------------------
     0 | D:1      | qw the Deep Elf Hunter began the quest for the Orb.
     0 | D:1      | Reached XP level 1. HP: 12/12 MP: 3/3
     0 | D:1      | 0 ||| qw: Version: 0.3-a-9-g12657ce
     0 | D:1      | 0 ||| qw: Game counter: 2938
     0 | D:1      | 0 ||| qw: Always use a shield: true
     0 | D:1      | 0 ||| qw: God list: Okawaru
     0 | D:1      | 0 ||| qw: Allow faded altars: false
     0 | D:1      | 0 ||| qw: Do Orc after D:15 true
     0 | D:1      | 0 ||| qw: Do second Lair branch before Depths: true
     0 | D:1      | 0 ||| qw: Lair rune preference: random
     0 | D:1      | 0 ||| qw: Plans: Normal
     0 | D:1      | 0 ||| PLANNING D:1-11
    67 | D:1      | Found Woyv's Weapon Emporium.
   118 | D:1      | Reached XP level 2. HP: 16/16 MP: 4/4
   133 | D:1      | Reached skill level 6 in Ranged Weapons
   620 | D:1      | 620 ||| UPGRADING to +0 ring mail.
   630 | D:1      | 630 ||| DROPPING +0 leather armour.
   631 | D:1      | 631 ||| READING scroll labelled DOESIOMENAF.
   632 | D:1      | 632 ||| READING 2 scrolls labelled ZYREMMU FIED.
   633 | D:1      | 633 ||| DRINKING 2 coppery potions.
   634 | D:1      | 634 ||| DROPPING scroll of butterflies.
   655 | D:2      | Noticed Robin
   658 | D:2      | 658 ||| STAIRDANCE
   658 | D:2      | HP: 4/16 [goblin/+0 club[Robin] (3)]
   661 | D:1      | Slain by a hobgoblin

Levels and vault maps discovered:
D:1:      nzn_arrival_settlement, layout_loops_ring, serial_shops, shop,
          feat_on_display
D:2:      cheibrodos_fertilizer, layout_rooms, minmay_misc_feat_enclosed,
          hex_intersection, uniq_robin

Skill      XL: |  1  2 |
---------------+-------+-----
Ranged Weapons | 6 |  6.4
Fighting       | |  1.5
Dodging        | |  2.4
Stealth        | |  1.2

Action                     || total
---------------------------++-------
   Fire: Shortbow          ||    34
    Use: Scroll            ||     2
         Potion            ||     1
 Armour: Leather armour    ||     1
         Ring mail         ||     6
  Dodge: Dodged            ||    13

Table legend:
 A = Non-vault XP
 B = Vault XP
 C = Vault XP percentage of total XP
 D = Non-vault monster count
 E = Vault monster count
 F = Vault count percentage of total count
                 A         B        C        D         E       F
            +---------+---------+-------+---------+---------+-------
      Total |      30 |       2 |   6.2 |      15 |       1 |   6.2
            +---------+---------+-------+---------+---------+-------
        D:1 |      30 |       2 |   6.2 |      15 |       1 |   6.2
            +---------+---------+-------+---------+---------+-------
